 Dungeon Crawl Stone Soup version 0.28-a0-410-gbef64dd269 (webtiles) character file.

Game seed: 12180742281321883751

689331 bearlyready the Acrobat (level 27, -2/222 HPs)
             Began as a Gnoll Cinder Acolyte on Sept 6, 2021.
             Was an Elder of Ignis.
             Slain by a death cob (13 damage)
             ... on level 4 of the Realm of Zot on Sept 7, 2021.
             The game lasted 03:49:06 (113696 turns).

bearlyready the Acrobat (Gnoll Cinder Acolyte)    Turns: 113696, Time: 03:49:06

Health: -2/222     AC: 48    Str: 27    XL:     27
Magic:  0/54       EV: 14    Int: 16    God:    Ignis [****..]
Gold:   5227       SH: 21    Dex:  9    Spells: 61/63 levels left

rFire   + + +      SeeInvis .   a - +9 demon blade (vorpal)
rCold   + + +      Faith    .   I - +2 tower shield {rC+}
rNeg    . . .      Spirit   +   i - +12 gold dragon scales
rPois   +          Reflect  .   p - +2 helmet
rElec   .          Harm     .   n - +2 cloak {rPois}
rCorr   .          Rampage  .   d - +2 pair of gloves {archery}
Will    +++..      NoCast   +   K - +1 pair of boots
Stlth   ..........              w - amulet "Wuehunirgh" {Spirit -Cast rF++ rC+++}
HPRegen 0.47/turn               U - ring of Yredelemnul's Respect {rF+ Will+ EV+4 Str+4}
MPRegen 0.34/turn               Z - +4 ring of slaying

@: slowed, studying Dodging, very slow
A: fangs 1, strong nose, distributed training, high mp 2
}: 5/15 runes: serpentine, barnacled, slimy, silver, abyssal
a: Renounce Religion, Sea of Fire, Foxfire Swarm, Rising Flame


You were on level 4 of the Realm of Zot.
You worshipped Ignis.
Ignis was greatly pleased with you.
You visited 12 branches of the dungeon, and saw 58 of its levels.
You visited the Abyss 2 times.
You visited 2 bazaars.
You also visited: Trove and Wizlab.

You collected 13330 gold pieces.
You spent 8103 gold pieces at shops.

Inventory:

Hand Weapons
 a - a +9 vorpal demon blade (weapon)
Missiles
 f - 20 silver javelins
 r - 179 boomerangs
 s - 3 throwing nets
 C - 17 silver boomerangs
 W - 8 javelins (quivered)
Armour
 d - a +2 pair of gloves of archery (worn)
 i - +12 gold dragon scales (worn)
 n - a +2 cloak of poison resistance (worn)
 p - a +2 helmet (worn)
 I - a +2 tower shield of cold resistance (worn)
 K - a +1 pair of boots (worn)
Jewellery
 w - the amulet "Wuehunirgh" (around neck) {Spirit -Cast rF++ rC+++}
   (You found it on level 6 of the Lair of Beasts)

   [amulet of guardian spirit]

   It causes incoming damage to be divided between your reserves of health and
   magic.
   rF:        It greatly protects you from fire.
   rC:        It renders you almost immune to cold.
   -Cast:     It prevents spellcasting.
 U - the ring of Yredelemnul's Respect (left hand) {rF+ Will+ EV+4 Str+4}
   (You bought it in a shop on level 2 of the Snake Pit)

   [ring of evasion]

   EV:        It affects your evasion (+4).
   Str:       It affects your strength (+4).
   rF:        It protects you from fire.
   Will:      It increases your willpower.
 Z - a +4 ring of slaying (right hand)
Wands
 o - a wand of charming (4)
 z - a wand of polymorph (54)
 L - a wand of iceblast (24)
 O - a wand of digging (20)
 Q - a wand of paralysis (52)
 R - a wand of flame (104)
 Y - a wand of mindburst (79)
Scrolls
 e - a scroll of fear
 l - 17 scrolls of teleportation
 m - 27 scrolls of identify
 t - 4 scrolls of silence
 x - 7 scrolls of blinking
 y - a scroll of amnesia
 E - a scroll of brand weapon
 N - 3 scrolls of holy word
 P - 10 scrolls of fog
 S - 3 scrolls of magic mapping
 T - 4 scrolls of summoning
Potions
 b - a potion of magic
 c - 3 potions of berserk rage
 g - 17 potions of curing
 j - 8 potions of haste
 k - a potion of resistance
 q - a potion of heal wounds
 u - 2 potions of ambrosia
 A - 18 potions of mutation
 D - 2 potions of brilliance
 F - 9 potions of flight
 V - 7 potions of cancellation
 X - 3 potions of invisibility
Miscellaneous
 h - a phantom mirror
 B - a tin of tremorstones (1/2)
 G - a box of beasts (inert)
 H - a condenser vane
 J - a lightning rod (4/4)
 M - a phial of floods


   Skills:
 + Level 19.3 Fighting
 + Level 18.6 Short Blades
 + Level 19.3 Long Blades
 + Level 18.6 Axes
 + Level 18.6 Maces & Flails
 + Level 18.6 Polearms
 + Level 18.6 Staves
 + Level 18.6 Slings
 + Level 18.6 Bows
 + Level 18.6 Crossbows
 + Level 18.6 Throwing
 + Level 18.6 Armour
 + Level 21.6 Dodging
 + Level 18.6 Stealth
 + Level 18.6 Shields
 + Level 18.6 Unarmed Combat
 + Level 18.7 Spellcasting
 + Level 16.0 Conjurations
 + Level 16.0 Hexes
 + Level 16.0 Summonings
 + Level 16.0 Necromancy
 + Level 16.0 Translocations
 + Level 16.0 Transmutations
 + Level 16.7 Fire Magic
 + Level 16.0 Ice Magic
 + Level 16.0 Air Magic
 + Level 16.0 Earth Magic
 + Level 16.0 Poison Magic
 + Level 19.9 Invocations
 + Level 18.6 Evocations


You had 61 spell levels left.
You knew the following spells:

 Your Spells              Type           Power      Damage    Failure   Level
a - Scorch                Fire           100%       2d10      1%          2

Your spell library contained the following spells:

 Spells                   Type           Power      Damage    Failure   Level
 Animate Skeleton         Necr           100%       N/A       1%          1
 Beastly Appendage        Tmut           100%       N/A       1%          1
 Foxfire                  Conj/Fire      100%       2x1d9     1%          1
 Freeze                   Ice            100%       1d11      1%          1
 Magic Dart               Conj           100%       1d8       1%          1
 Pain                     Necr           100%       1d9       1%          1
 Summon Small Mammal      Summ           100%       N/A       1%          1
 Corpse Rot               Necr/Air       N/A        N/A       1%          2
 Ensorcelled Hibernation  Hex/Ice        100%       N/A       1%          2
 Passwall                 Tmut/Erth      50%        N/A       1%          2
 Poisonous Vapours        Pois/Air       100%       N/A       1%          2
 Searing Ray              Conj           100%       3d7       1%          2
 Static Discharge         Conj/Air       60%        N/A       1%          2
 Call Canine Familiar     Summ           60%        N/A       1%          3
 Confusing Touch          Hex            60%        N/A       1%          3
 Conjure Flame            Conj/Fire      61%        6-21      1%          3
 Dazzling Flash           Conj/Hex       100%       N/A       1%          3
 Frozen Ramparts          Ice            100%       1d12      1%          3
 Gell's Gravitas          Tloc           30%        N/A       1%          3
 Ignite Poison            Fire/Tmut/Pois 61%        N/A       1%          3
 Inner Flame              Hex/Fire       61%        N/A       1%          3
 Lesser Beckoning         Tloc           60%        N/A       1%          3
 Spider Form              Tmut/Pois      30%        N/A       1%          3
 Summon Guardian Golem    Hex/Summ       60%        N/A       1%          3
 Teleport Other           Tloc           60%        N/A       1%          3
 Tukima's Dance           Hex            60%        N/A       1%          3
 Vampiric Draining        Necr           30%        2d10      1%          3
 Airstrike                Air            30%        N/A       1%          4
 Animate Armour           Summ/Erth      100%       N/A       1%          4
 Animate Dead             Necr           30%        N/A       1%          4
 Cause Fear               Hex            30%        N/A       1%          4
 Dispel Undead            Necr           60%        3d21      1%          4
 Flame Wave               Conj/Fire      61%        3d11      1%          4
 Fulminant Prism          Conj/Hex       30%        3d16      1%          4
 Ice Form                 Ice/Tmut       60%        N/A       1%          4
 Iskenderun's Mystic Bla  Conj/Tloc      60%        2d13      1%          4
 Olgreb's Toxic Radiance  Pois           60%        N/A       1%          4
 Passage of Golubria      Tloc           N/A        N/A       1%          4
 Petrify                  Tmut/Erth      60%        N/A       1%          4
 Sticky Flame             Conj/Fire      61%        2d8       1%          4
 Summon Ice Beast         Ice/Summ       60%        N/A       1%          4
 Summon Lightning Spire   Summ/Air       60%        N/A       1%          4
 Agony                    Necr           60%        N/A       4%          5
 Alistair's Intoxication  Tmut/Pois      40%        N/A       4%          5
 Blade Hands              Tmut           30%        N/A       4%          5
 Borgnjor's Vile Clutch   Necr/Erth      30%        N/A       4%          5
 Freezing Cloud           Conj/Ice/Air   30%        6-21      4%          5
 Irradiate                Conj/Tmut      30%        3d24      4%          5
 Iskenderun's Battlesphe  Conj           60%        2d11      4%          5
 Lee's Rapid Deconstruct  Erth           30%        3d17*     4%          5
 Lightning Bolt           Conj/Air       30%        1d47      4%          5
 Metabolic Englaciation   Hex/Ice        30%        N/A       4%          5
 Silence                  Hex/Air        30%        N/A       4%          5
 Summon Forest            Summ/Tloc      30%        N/A       4%          5
 Summon Mana Viper        Hex/Summ       60%        N/A       4%          5
 Yara's Violent Unravell  Hex/Tmut       30%        3d13      4%          5
 Starburst                Conj/Fire      30%        6d9       22%         6
 Conjure Ball Lightning   Conj/Air       30%        3x3d10    26%         6
 Death Channel            Necr           30%        N/A       26%         6
 Dispersal                Tloc           30%        N/A       26%         6
 Eringya's Noxious Bog    Tmut/Pois      30%        N/A       26%         6
 Iron Shot                Conj/Erth      30%        9d6       26%         6
 Simulacrum               Ice/Necr       30%        N/A       26%         6
 Statue Form              Tmut/Erth      40%        N/A       26%         6
 Summon Cactus Giant      Summ           30%        N/A       26%         6
 Dragon Form              Tmut           30%        N/A       80%         7
 Haunt                    Necr/Summ      30%        N/A       80%         7
 Ozocubu's Refrigeration  Ice            30%        4d11      80%         7
 Spellforged Servitor     Conj/Summ      30%        N/A       80%         7
 Storm Form               Tmut/Air       30%        N/A       80%         7
 Summon Hydra             Summ           30%        N/A       80%         7
 Discord                  Hex            30%        N/A       100%        8
 Disjunction              Tloc           30%        N/A       100%        8
 Ignition                 Fire           31%        3d10      100%        8
 Infestation              Necr           30%        N/A       100%        8
 Lehudib's Crystal Spear  Conj/Erth      30%        10d8      100%        8
 Maxwell's Capacitive Co  Air            30%        ∞         100%        8
 Necromutation            Tmut/Necr      30%        N/A       100%        8
 Dragon's Call            Summ           30%        N/A       100%        9
 Polar Vortex             Ice            30%        N/A       100%        9


Dungeon Overview and Level Annotations

Branches:
Dungeon (15/15)            Temple (1/1) D:7            Lair (6/6) D:9
 Shoals (4/4) Lair:2        Snake (4/4) Lair:4        Slime (5/5) Lair:5
    Orc (2/2) D:11            Elf (3/3) Orc:2        Vaults (5/5) D:13
  Crypt (3/3) Vaults:2       Tomb (0/3) Crypt:3      Depths (5/5) D:15
    Zot (5/5) Depths:5     WizLab (visited)

Altars:
Cheibriados
Dithmenos
Elyvilon
Fedhas
Gozag
Makhleb
Okawaru
Qazlal
Ru
Sif Muna
Vehumet
Wu Jian
Xom
Yredelemnul
Zin
The Shining One
Beogh
Jiyva
Lugonu

Shops:
D:1 =   D:7 *   D:10 :*!   Orc:1 =   Orc:2 ([(*(   Elf:2 *   Shoals:1 [**(*[
Shoals:4 *   Snake:1 !?   Snake:2 ::=   Snake:3 =?*?   Depths:4 [

Portals:
Hell: Depths:1 Depths:2 Depths:3 Depths:4 Depths:5
Abyss: Depths:4
Pandemonium: Depths:3
Ziggurat: Depths:5

Annotations:
D:12 2 runed translucent doors
Slime:4 Dissolution
Elf:2 exclusion: ice statue
Depths:5 3 exclusions


Innate Abilities, Weirdness & Mutations

You have very sharp teeth.
Your uncanny sense of smell can sniff out nearby items.
Your experience applies equally to all skills.
You have a considerably increased reservoir of magic. (+20% MP)


Message History

You block the deathcap's attack. The wandering mushroom misses you.
You block the death cob's attack.
You block the wandering mushroom's attack.
The deathcap draws from the surrounding life force!
* * * LOW HITPOINT WARNING * * *
You feel much better.
The death cob hits you but does no damage.
The death cob misses you. You block the death cob's attack.
You block the wandering mushroom's attack.
The deathcap closely misses you.
The wandering mushroom releases spores at you but does no damage.
The death cob hits you!
* * * LOW HITPOINT WARNING * * *
The deathcap draws from the surrounding life force!
* * * LOW HITPOINT WARNING * * *
You block the wandering mushroom's attack.
You open the lid... ...and a mature stingweird beast leaps out!
The box is emptied!
You block the death cob's attack. x2
The curse toe gestures.
The death cob hits you!
* * * LOW HITPOINT WARNING * * *
The deathcap draws from the surrounding life force!
* * * LOW HITPOINT WARNING * * *
Your mature stingweird beast is drained of life.
You block the wandering mushroom's attack.
The wandering mushroom releases spores at you but does no damage.
You block the deathcap's attack.
The curse toe calls on the powers of darkness!
Your body is wracked with pain!
* * * LOW HITPOINT WARNING * * *
Your mature stingweird beast convulses!
The wandering mushroom releases spores at you but does no damage.
The death cob closely misses you.
Blink to where?
Press: ? - help, Dir - move target, p - curse toe
As you read the scroll of blinking, it crumbles to dust.
The deathcap disappears in a puff of smoke!
The death cob hits you!
You die...

**,***#...#..#
*,** *#.....# ***
#.....#
#.....#####
##.......... ###
#........... #.#
#........... #.#
##........... #@##
#H...........
##z###.z..........
#...f§f..........
##..fff>......(..
#....fff....(...
**##..............
*,*##.............
*,* ##............
*,**#.............


You could see a death cob, 2 deathcaps and 2 wandering mushrooms.

Vanquished Creatures
  the Royal Jelly (Slime:5)
  An orb of fire (Zot:1)
  2 dread liches
  An ancient lich (Vaults:5)
  Margery (Crypt:3)
  3 Killer Klowns
  Bai Suzhen (Crypt:2)
  Saint Roka (Snake:4)
  A caustic shrike (Depths:2)
  The ghost of Galytir the Slayer, an adept HOFi of Beogh (Vaults:2)
  A mutant beast (WizLab)
  4 bone dragons
  Jory (Vaults:3)
  4 golden dragons
  2 electric golems (Zot:1)
  The ghost of Quudwopt the Impaler, an adept MfGl of Okawaru (Vaults:2)
  9 tentacled monstrosities
  3 liches
  2 deep elf blademasters (Elf:3)
  2 deep elf master archers (Elf:3)
  2 quicksilver dragons
  A quicksilver dragon (shapeshifter) (D:14)
  The ghost of Kekyt Syjic the Earth Mage, an adept SpVM of Vehumet (Vaults:2)
  17 acid blobs
  5 titans
  A kraken (Shoals:4)
  3 death cobs
  An Executioner (Abyss:3)
  An ancient champion (Crypt:1)
  6 sphinxes
  4 tentacled starspawn
  9 storm dragons
  2 draconian monks (Zot:1)
  A thorn hunter (Abyss:3)
  9 tengu reavers
  3 rockslimes
  A revenant (Crypt:1)
  5 shadow dragons
  6 nagarajas (Snake:4)
  8 azure jellies
  The ghost of Herakh the Fighter, a journeyman OgFE of Vehumet (Lair:6)
  2 orc warlords
  7 frost giants
  16 vault wardens
  6 draconian knights
  9 ghouls
  6 deep elf sorcerers
  A fire giant (shapeshifter) (Vaults:5)
  6 iron dragons
  2 ghost moths
  6 draconian scorchers (Zot:1)
  9 fire giants
  2 deep elf elementalists (Elf:3)
  The ghost of CraigForest the Peltast, a journeyman DrGl of Jiyva (Lair:4)
  A juggernaut zombie (Crypt:1)
  4 draconian shifters
  2 draconian stormcallers (Zot:1)
  A reaper (Vaults:2)
  A spriggan defender (Depths:2)
  Aizul (Snake:1)
  2 angels (Elf:2)
  3 draconian annihilators (Zot:1)
  7 war gargoyles
  14 quicksilver oozes
  18 ironbound preservers
  2 elemental wellsprings (Shoals:3)
  7 deep elf demonologists (Elf:3)
  37 very ugly things
  8 stone giants
  4 entropy weavers
  6 green draconians
  A lorocyproca (Abyss:1)
  7 black draconians
  4 spark wasps (Depths:2)
  7 vampire knights
  5 red draconians
  Azrael (D:15)
  9 purple draconians
  9 white draconians
  4 yellow draconians
  10 deep elf annihilators
  7 dire elephants
  An eidolon (Crypt:1)
  7 merfolk javelineers
  4 jiangshi
  7 fire dragons
  A blizzard demon (Depths:3)
  12 ettins
  8 deep elf high priests
  5 crystal guardians
  8 merfolk impalers
  12 yaktaur captains
  9 deep elf death magi
  3 spriggan air magi
  Harold (D:8)
  16 great orbs of eyes
  Fannar (D:10)
  43 vault guards
  14 naga warriors
  A quicksilver dragon skeleton (Depths:2)
  2 peacekeepers
  4 boulder beetles
  An anaconda (shapeshifter) (D:14)
  12 hydras
  5 rakshasas
  10 ice dragons
  6 ironbound thunderhulks
  2 merfolk aquamancers
  13 anacondas
  3 ogre magi
  7 ironbound frosthearts
  5 merfolk avatars
  2 tengu warriors
  37 dancing weapons
  26 centaur warriors
  9 two-headed ogres
  A catoblepas (shapeshifter) (D:14)
  2 death knights
  2 catoblepae (Shoals:3)
  5 vampire magi
  5 deep troll earth magi
  A satyr (Shoals:3)
  Urug (Lair:4)
  2 orc high priests
  6 naga sharpshooters
  7 ironbound beastmasters
  10 deep troll shamans
  Nergalle (D:12)
  Sonja (D:13)
  2 spriggan berserkers (Depths:2)
  2 titan skeletons
  15 hell knights
  A shock serpent (shapeshifter) (WizLab)
  8 thrashing horrors
  A soul eater (Crypt:1)
  9 shock serpents
  A fire crab (shapeshifter) (Elf:1)
  3 salamander mystics
  5 wretched stars
  2 sixfirhies
  A fire crab (D:14)
  2 golden dragon zombies
  13 sea snakes
  8 iron trolls
  12 deep elf knights
  31 skeletal warriors
  6 flayed ghosts
  14 necromancers
  59 deep trolls
  A swamp dragon (shapeshifter) (Vaults:5)
  6 orc knights
  3 glowing orange brains
  6 naga ritualists
  10 deep elf archers
  16 phantasmal warriors
  8 wizards
  An anaconda skeleton (Crypt:3)
  9 lindwurms
  32 harpies
  22 ironbound convokers
  5 mana vipers
  An orb spider (shapeshifter) (WizLab)
  10 orc sorcerers
  A wolf spider zombie (D:11)
  An oklob plant (Lair:6)
  A salamander (shapeshifter) (WizLab)
  40 deep elf pyromancers
  11 manticores
  5 shining eyes
  A shadow dragon skeleton (Crypt:2)
  9 cyclopes
  A fire giant zombie (Depths:2)
  26 deep elf zephyrmancers
  A shining eye (shapeshifter) (Vaults:5)
  67 ugly things
  17 salamanders
  4 fauns
  A cyclops (shapeshifter) (Vaults:5)
  6 moths of wrath
  3 elephants (Lair:3)
  Maurice (Orc:1)
  A titan simulacrum (Depths:2)
  An elephant (shapeshifter) (WizLab)
  3 worldbinders (Abyss:3)
  10 merfolk sirens
  17 vault sentinels
  A torpor snail (shapeshifter) (WizLab)
  39 black mambas
  A frost giant skeleton (Depths:2)
  22 naga magi
  2 rust devils
  7 guardian serpents
  An orange demon (Abyss:2)
  15 water nymphs
  A dire elephant skeleton (Crypt:1)
  A cane toad (shapeshifter) (WizLab)
  21 cane toads
  2 apocalypse crabs (Abyss:2)
  5 smoke demons
  A dire elephant zombie (Crypt:3)
  5 rime drakes
  An unseen horror (Abyss:3)
  3 freezing wraiths
  A tormentor (Abyss:4)
  14 yaktaurs
  A grey draconian zombie (Crypt:1)
  A red draconian zombie (Crypt:1)
  9 komodo dragons
  3 tengu conjurers
  A rime drake (shapeshifter) (WizLab)
  A yaktaur (shapeshifter) (WizLab)
  A kobold demonologist (D:13)
  3 ice devils (Depths:3)
  8 ancient zymes
  A bunyip simulacrum (Abyss:2)
  A pale draconian zombie (Crypt:2)
  3 hellwings
  5 trolls
  2 trolls (shapeshifter) (WizLab)
  2 harpy zombies
  3 meliai
  A polar bear (Lair:6)
  2 polar bears (shapeshifter) (WizLab)
  A meliai (shapeshifter) (WizLab)
  2 spectral guardian serpents (Crypt:1)
  2 jumping spiders (shapeshifter) (WizLab)
  44 merfolk
  6 wind drakes
  4 tyrant leeches (Lair:6)
  A wind drake (shapeshifter) (WizLab)
  8 hornets
  15 blink frogs
  A queen bee (shapeshifter) (D:14)
  77 slime creatures
  A blink frog (shapeshifter) (Abyss:1)
  2 harpy skeletons (Crypt:3)
  6 snapping turtles
  7 raiju (Abyss:3)
  2 meliai zombies (D:11)
  A slime creature (shapeshifter) (Vaults:5)
  A fire dragon zombie (Crypt:3)
  A merfolk zombie (Crypt:3)
  A stone giant simulacrum (Depths:1)
  A spriggan zombie (Depths:1)
  10 air elementals
  6 spriggan skeletons
  31 flying skulls
  A spriggan (shapeshifter) (WizLab)
  21 starcursed masses
  A shadow (D:10)
  A redback (Vaults:2)
  A satyr skeleton (Crypt:2)
  8 ynoxinuls
  10 basilisks
  9 spriggans
  22 water elementals
  7 fire elementals
  A wyvern (Lair:5)
  3 fire bats (Abyss:4)
  2 tarantellas (Vaults:2)
  11 wraiths
  57 yaks
  2 yaks (shapeshifter) (WizLab)
  2 tarantellas (shapeshifter) (WizLab)
  5 humans
  29 large abominations
  2 golden eyes
  2 steam dragons
  6 chaos spawn
  An iron golem (WizLab)
  8 neqoxecs
  5 wargs
  10 vampire mosquitoes
  4 acid dragons
  Menkaure (D:5)
  A two-headed ogre zombie (Crypt:2)
  27 water moccasins
  43 nagas
  A naga (shapeshifter) (WizLab)
  3 hell hounds (D:15)
  A two-headed ogre skeleton (Crypt:1)
  4 floating eyes (WizLab)
  A hornet zombie (D:11)
  2 ice beasts (D:6)
  80 orc warriors
  A sky beast (D:5)
  5 necrophages
  5 black bears
  A black bear (shapeshifter) (WizLab)
  An ettin simulacrum (Depths:2)
  An ogre (shapeshifter) (WizLab)
  4 boggarts
  A tengu (shapeshifter) (WizLab)
  A dream sheep skeleton (Crypt:1)
  5 wolves
  12 ogres
  A swamp dragon skeleton (Crypt:2)
  24 centaurs
  3 kobold brigands
  17 bullfrogs
  3 gnoll sergeants
  3 wyvern zombies
  2 earth elementals
  4 scorpions
  12 killer bees
  10 wights
  A howler monkey (D:4)
  2 electric eels
  A quasit (Abyss:3)
  2 bullfrog skeletons
  2 bullfrog zombies (D:4)
  14 centaur zombies
  A hound (D:5)
  3 gnoll shamans
  27 orc priests
  4 centaur skeletons
  Natasha (twice) (D:4)
  4 iguanas
  30 orc wizards
  27 small abominations
  A felid skeleton (Crypt:2)
  A hound zombie (D:4)
  A hound skeleton (D:5)
  13 gnolls
  6 adders
  4 shadow imps (D:11)
  A white imp (Abyss:4)
  3 ufetubi
  An adder zombie (D:4)
  A worm (D:2)
  2 dart slugs
  124 orcs
  6 bats
  4 endoplasms
  5 giant cockroaches
  18 goblins
  6 hobgoblins (D:2)
  11 jackals
  6 quokkas
  10 ball pythons
  3 frilled lizards
  A hobgoblin zombie (Crypt:1)
  A jackal zombie (Crypt:1)
  15 kobolds
  6 rats
  A briar patch (Abyss:3)
  3 lurking horrors
  A starspawn tentacle (Abyss:3)
  2 tentacles (Shoals:4)
2588 creatures vanquished.

Vanquished Creatures (collateral kills)
  2 golden dragons
  A shadow dragon (Vaults:5)
  Louise (Snake:4)
  A draconian stormcaller (Zot:1)
  A deep elf annihilator (Vaults:5)
  A hydra (Lair:2)
  An ironbound frostheart (Vaults:1)
  A hell knight (Vaults:5)
  A deep troll (Vaults:1)
  2 deep elf archers
  A phantasmal warrior (Vaults:5)
  A vault sentinel (Vaults:5)
  A naga zombie (Crypt:3)
15 creatures vanquished.

Vanquished Creatures (others)
  An ironbound preserver (Vaults:4)
  A deep elf knight (Elf:1)
  A deep elf pyromancer (Elf:1)
  A deep elf zephyrmancer (Elf:2)
  A large abomination (Abyss:4)
  A neqoxec (Abyss:4)
  59 foxfires (Shoals:1)
  39 fungi
  141 plants
  15 starspawn tentacles
  6 tentacles (Shoals:4)
  19 withered plants
285 creatures vanquished.

Grand Total: 2888 creatures vanquished

Notes
Turn   | Place    | Note
-------+----------+-------------------------------------------
     0 | D:1      | bearlyready the Gnoll Cinder Acolyte began the quest for
                  | the Orb.
     0 | D:1      | Reached XP level 1. HP: 23/23 MP: 4/4
   150 | D:1      | Found Himiulla's Jewellery Shop.
   155 | D:1      | Reached XP level 2. HP: 25/29 MP: 5/5
   707 | D:1      | Found a faded altar of an unknown god.
  1178 | D:1      | Reached XP level 3. HP: 34/35 MP: 7/7
  1195 | D:1      | Learned a level 2 spell: Scorch
  1834 | D:2      | Reached skill level 1 in Invocations
  2117 | D:2      | Reached skill level 1 in Short Blades
  2117 | D:2      | Reached skill level 1 in Axes
  2117 | D:2      | Reached skill level 1 in Maces & Flails
  2117 | D:2      | Reached skill level 1 in Polearms
  2117 | D:2      | Reached skill level 1 in Staves
  2117 | D:2      | Reached skill level 1 in Slings
  2117 | D:2      | Reached skill level 1 in Bows
  2117 | D:2      | Reached skill level 1 in Crossbows
  2117 | D:2      | Reached skill level 1 in Throwing
  2117 | D:2      | Reached skill level 1 in Armour
  2117 | D:2      | Reached skill level 1 in Dodging
  2117 | D:2      | Reached skill level 1 in Stealth
  2117 | D:2      | Reached skill level 1 in Shields
  2117 | D:2      | Reached skill level 1 in Unarmed Combat
  2117 | D:2      | Reached skill level 1 in Evocations
  2136 | D:2      | Reached XP level 4. HP: 24/41 MP: 8/8
  2320 | D:2      | Found an ornate altar of the Wu Jian Council.
  2935 | D:3      | Reached skill level 1 in Conjurations
  2935 | D:3      | Reached skill level 1 in Hexes
  2935 | D:3      | Reached skill level 1 in Summonings
  2935 | D:3      | Reached skill level 1 in Necromancy
  2935 | D:3      | Reached skill level 1 in Translocations
  2935 | D:3      | Reached skill level 1 in Transmutations
  2935 | D:3      | Reached skill level 1 in Ice Magic
  2935 | D:3      | Reached skill level 1 in Air Magic
  2935 | D:3      | Reached skill level 1 in Earth Magic
  2935 | D:3      | Reached skill level 1 in Poison Magic
  3076 | D:3      | Found a blossoming altar of Fedhas.
  3531 | D:4      | Reached XP level 5. HP: 39/47 MP: 9/9
  3821 | D:4      | Found an opulent altar of Gozag.
  3837 | D:4      | Noticed Natasha
  3851 | D:4      | Killed Natasha
  4026 | D:4      | Found a shadowy altar of Dithmenos.
  4044 | D:4      | Reached XP level 6. HP: 51/53 MP: 9/11
  4064 | D:4      | Reached skill level 2 in Dodging
  4534 | D:4      | Noticed Natasha
  4546 | D:4      | Killed Natasha
  4555 | D:4      | Reached XP level 7. HP: 37/59 MP: 12/12
  4668 | D:4      | Found a glowing golden altar of the Shining One.
  4902 | D:5      | Entered Level 5 of the Dungeon
  5671 | D:5      | Found an ornate altar of the Wu Jian Council.
  5782 | D:5      | Noticed Menkaure
  5793 | D:5      | Killed Menkaure
  5794 | D:5      | Reached skill level 3 in Dodging
  5794 | D:5      | Reached XP level 8. HP: 54/67 MP: 14/14
  6258 | D:6      | Found an iron altar of Okawaru.
  6396 | D:6      | Found a shimmering altar of Xom.
  6587 | D:6      | Reached XP level 9. HP: 11/72 MP: 16/16
  7361 | D:6      | Found a burning altar of Makhleb.
  7361 | D:6      | Noticed a balrug
  7364 | D:6      | Noticed a hellwing
  7479 | D:6      | Found a stormy altar of Qazlal.
  7527 | D:7      | Reached skill level 4 in Dodging
  7544 | D:6      | Reached skill level 5 in Spellcasting
  7763 | D:7      | Reached skill level 5 in Invocations
  7989 | D:7      | Found Reikitac's Serpentskin Sales.
  8175 | D:7      | Reached XP level 10. HP: 41/80 MP: 18/18
  8569 | D:7      | Found a staircase to the Ecumenical Temple.
  8588 | Temple   | Entered the Ecumenical Temple
  8960 | D:7      | Reached skill level 5 in Short Blades
  8960 | D:7      | Reached skill level 5 in Axes
  8960 | D:7      | Reached skill level 5 in Maces & Flails
  8960 | D:7      | Reached skill level 5 in Polearms
  8960 | D:7      | Reached skill level 5 in Staves
  8960 | D:7      | Reached skill level 5 in Slings
  8960 | D:7      | Reached skill level 5 in Bows
  8960 | D:7      | Reached skill level 5 in Crossbows
  8960 | D:7      | Reached skill level 5 in Throwing
  8960 | D:7      | Reached skill level 5 in Armour
  8960 | D:7      | Reached skill level 5 in Dodging
  8960 | D:7      | Reached skill level 5 in Stealth
  8960 | D:7      | Reached skill level 5 in Shields
  8960 | D:7      | Reached skill level 5 in Unarmed Combat
  8960 | D:7      | Reached skill level 5 in Evocations
 10061 | D:8      | Noticed a two-headed ogre
 10108 | D:8      | Killed a two-headed ogre
 11134 | D:8      | Identified the +4 ring mail "Suijudac" {-Cast Int-2 SInv
                  | Stlth+}
 11491 | D:8      | Got the Incunabulum of Stones
 11493 | D:8      | Noticed a manticore
 11494 | D:8      | Noticed a centaur warrior
 11499 | D:8      | Killed a manticore
 11506 | D:8      | Killed a centaur warrior
 11507 | D:8      | Reached XP level 11. HP: 54/89 MP: 19/21
 11509 | D:8      | Got the Collected Works on Transformation
 11711 | D:8      | Reached skill level 6 in Dodging
 11856 | D:8      | Found a shimmering blue altar of Sif Muna.
 11942 | D:8      | Noticed Harold
 11958 | D:8      | Killed Harold
 11959 | D:8      | Reached skill level 5 in Conjurations
 11959 | D:8      | Reached skill level 5 in Hexes
 11959 | D:8      | Reached skill level 5 in Summonings
 11959 | D:8      | Reached skill level 5 in Necromancy
 11959 | D:8      | Reached skill level 5 in Translocations
 11959 | D:8      | Reached skill level 5 in Transmutations
 11959 | D:8      | Reached skill level 5 in Ice Magic
 11959 | D:8      | Reached skill level 5 in Air Magic
 11959 | D:8      | Reached skill level 5 in Earth Magic
 11959 | D:8      | Reached skill level 5 in Poison Magic
 12349 | D:9      | Found a staircase to the Lair.
 12465 | D:7      | Bought a +2 cloak of poison resistance for 240 gold pieces
 12572 | D:9      | Noticed a two-headed ogre
 12593 | D:9      | Killed a two-headed ogre
 13041 | D:9      | Found a snail-covered altar of Cheibriados.
 13041 | D:9      | Noticed a two-headed ogre
 13067 | D:9      | Killed a two-headed ogre
 13363 | D:9      | Noticed a cyclops
 13375 | D:9      | Killed a cyclops
 13608 | D:10     | Entered Level 10 of the Dungeon
 13618 | D:10     | Found Wautewn's General Store.
 13678 | D:10     | Noticed Fannar
 13682 | D:10     | Noticed a two-headed ogre
 13697 | D:10     | Killed a two-headed ogre
 13703 | D:10     | Killed Fannar
 13704 | D:10     | Reached XP level 12. HP: 70/96 MP: 23/23
 14116 | D:10     | Reached skill level 7 in Dodging
 14218 | D:10     | Found Nioneduah's Distillery.
 14226 | D:10     | Bought a potion of curing for 36 gold pieces
 14226 | D:10     | Bought a potion of curing for 36 gold pieces
 14226 | D:10     | Bought a potion of haste for 120 gold pieces
 14250 | D:10     | Found Kuaxaoba's General Store.
 14274 | D:10     | Bought a scroll of teleportation for 48 gold pieces
 14274 | D:10     | Bought a scroll of teleportation for 48 gold pieces
 14591 | D:10     | Found Feecug's Book Emporium.
 14711 | D:11     | Noticed a two-headed ogre
 14729 | D:10     | Killed a two-headed ogre
 15232 | D:11     | Noticed a boulder beetle
 15248 | D:11     | Killed a boulder beetle
 15351 | D:11     | Noticed a two-headed ogre
 15414 | D:11     | Killed a two-headed ogre
 15749 | D:11     | Reached skill level 10 in Fighting
 15749 | D:11     | Reached skill level 10 in Long Blades
 16114 | D:11     | Found a staircase to the Orcish Mines.
 16585 | D:12     | Found a large runed translucent door.
 16586 | D:12     | Found a large runed translucent door.
 16587 | D:12     | Noticed a centaur warrior
 16602 | D:12     | Noticed a six-headed hydra
 16626 | D:12     | Killed a six-headed hydra
 16760 | D:12     | Reached XP level 13. HP: 103/103 MP: 25/25
 16837 | D:12     | Noticed Nergalle
 16855 | D:12     | Killed Nergalle
 16966 | D:12     | Found a large runed translucent door.
 16966 | D:12     | Found a large runed translucent door.
 17034 | D:12     | Reached skill level 8 in Dodging
 18510 | D:13     | Found a gate to the Vaults.
 19303 | Lair:1   | Entered Level 1 of the Lair of Beasts
 19715 | Lair:1   | You fall into a shaft and drop 1 floor!
 19780 | Lair:2   | Found a staircase to the Shoals.
 19812 | Lair:2   | Identified a scroll of acquirement
 20312 | Lair:2   | Acquired 763 gold pieces
 20402 | D:10     | Bought a potion of curing for 48 gold pieces
 20402 | D:10     | Bought a wand of flame (12) for 112 gold pieces
 20729 | D:11     | Reached XP level 14. HP: 86/111 MP: 27/27
 21723 | Lair:1   | You fall into a shaft and drop 1 floor!
 21746 | Lair:2   | Reached skill level 9 in Dodging
 21765 | Lair:1   | Identified the +1 leather armour of Purpose {rPois rF-
                  | Int+2 SInv}
 22460 | Lair:2   | Identified the +4 long sword "Wyttowo" {drain, rN+ Int+3}
 23191 | Lair:3   | Reached skill level 10 in Invocations
 24308 | Lair:4   | Found a transporter.
 24528 | Lair:4   | Found a transporter.
 24531 | Lair:4   | Noticed CraigForest's ghost (journeyman DrGl)
 24603 | Lair:4   | Found a staircase to the Snake Pit.
 25138 | Lair:4   | Noticed Urug
 25146 | Lair:4   | Killed Urug
 25683 | Lair:4   | Found the +8 whip "Snakebite" {venom, curare, rPois}
 25960 | Lair:4   | Reached skill level 10 in Spellcasting
 26164 | Lair:5   | Found a staircase to the Slime Pits.
 26413 | Lair:5   | Acquired 743 gold pieces
 26656 | Lair:5   | Reached XP level 15. HP: 86/119 MP: 27/29
 26851 | Lair:5   | Found a runed translucent door.
 26853 | Lair:5   | Identified the +5 spear "Noydduna" {speed, +Blink rC- Will+
                  | Dex+6}
 26854 | Lair:5   | Noticed Herakh's ghost (journeyman OgFE)
 27620 | Lair:6   | Entered Level 6 of the Lair of Beasts
 27692 | Lair:6   | Found an opulent altar of Gozag.
 28486 | Lair:6   | Reached skill level 10 in Fire Magic
 28906 | Lair:6   | Identified the amulet "Wuehunirgh" {Spirit -Cast rF++
                  | rC+++}
 30025 | Lair:4   | Reached skill level 10 in Short Blades
 30025 | Lair:4   | Reached skill level 10 in Axes
 30025 | Lair:4   | Reached skill level 10 in Maces & Flails
 30025 | Lair:4   | Reached skill level 10 in Polearms
 30025 | Lair:4   | Reached skill level 10 in Staves
 30025 | Lair:4   | Reached skill level 10 in Slings
 30025 | Lair:4   | Reached skill level 10 in Bows
 30025 | Lair:4   | Reached skill level 10 in Crossbows
 30025 | Lair:4   | Reached skill level 10 in Throwing
 30025 | Lair:4   | Reached skill level 10 in Armour
 30025 | Lair:4   | Reached skill level 10 in Dodging
 30025 | Lair:4   | Reached skill level 10 in Stealth
 30025 | Lair:4   | Reached skill level 10 in Shields
 30025 | Lair:4   | Reached skill level 10 in Unarmed Combat
 30025 | Lair:4   | Reached skill level 10 in Evocations
 30909 | D:13     | Noticed Sonja
 30922 | D:13     | Cast into level 1 of the Abyss (Sonja)
 31072 | Abyss:2  | Found a corrupted altar of Lugonu.
 31143 | Abyss:2  | Noticed an Executioner
 31816 | Abyss:2  | Noticed a tentacled starspawn
 31821 | Abyss:2  | Killed a tentacled starspawn
 31822 | Abyss:2  | Noticed an Executioner
 31835 | Abyss:2  | Found a corrupted altar of Lugonu.
 31986 | Abyss:2  | Noticed a bone dragon
 32015 | D:13     | Escaped the Abyss
 32046 | D:13     | Killed Sonja
 33022 | Orc:1    | Entered Level 1 of the Orcish Mines
 33461 | Orc:1    | Found Bomp's Jewellery Boutique.
 33671 | Orc:1    | Noticed Maurice
 33680 | Orc:1    | Noticed an orc warlord
 33683 | Orc:1    | Killed Maurice
 33705 | Orc:1    | Killed an orc warlord
 34089 | Orc:1    | Paralysed by an orc sorcerer for 3 turns
 34426 | Orc:2    | Entered Level 2 of the Orcish Mines
 34630 | Orc:2    | Reached XP level 16. HP: 116/127 MP: 30/30
 34737 | Orc:2    | Found Ogomn's Weapon Shoppe.
 35491 | Orc:2    | Found Dashrog's General Store.
 35857 | Orc:2    | Found a staircase to the Elven Halls.
 35987 | Orc:2    | Found Goghig's Weapon Boutique.
 36186 | Orc:2    | Found Ytyppeob's Antique Armour Emporium.
 36188 | Orc:2    | Found Surch's Antique Weapon Shoppe.
 36387 | Orc:2    | Bought a runed demon blade for 630 gold pieces
 37856 | D:14     | Noticed a tengu reaver
 37859 | D:14     | Noticed a tengu reaver
 37864 | D:14     | Reached skill level 11 in Dodging
 37864 | D:14     | Killed a tengu reaver
 37865 | D:14     | Killed a tengu reaver
 38869 | D:14     | Noticed a quicksilver dragon
 38879 | D:14     | Killed a quicksilver dragon
 39160 | D:15     | Entered Level 15 of the Dungeon
 39160 | D:15     | Found a gate leading to a gauntlet.
 39561 | D:14     | Reached XP level 17. HP: 61/135 MP: 23/32
 40333 | D:15     | Noticed Azrael
 40363 | D:15     | Killed Azrael
 40395 | D:15     | Found a white marble altar of Elyvilon.
 40785 | D:15     | Found a staircase to the Depths.
 41261 | Snake:1  | Entered Level 1 of the Snake Pit
 41963 | Snake:1  | Found Ereasyc's Magic Scroll Boutique.
 41978 | Snake:1  | Noticed Aizul
 42002 | Snake:1  | Killed Aizul
 42265 | Snake:1  | Found Tucu's Distillery.
 42267 | Snake:1  | Bought a scroll of teleportation for 48 gold pieces
 42267 | Snake:1  | Bought a scroll of teleportation for 48 gold pieces
 42267 | Snake:1  | Bought a scroll of enchant armour for 120 gold pieces
 42267 | Snake:1  | Bought a scroll of fog for 32 gold pieces
 42267 | Snake:1  | Bought a scroll of teleportation for 48 gold pieces
 42267 | Snake:1  | Bought a scroll of enchant weapon for 120 gold pieces
 42267 | Snake:1  | Bought a scroll of teleportation for 48 gold pieces
 42267 | Snake:1  | Bought a scroll of enchant armour for 120 gold pieces
 42267 | Snake:1  | Bought a scroll of enchant armour for 120 gold pieces
 42267 | Snake:1  | Bought a scroll of magic mapping for 56 gold pieces
 42274 | Snake:1  | Bought 2 potions of heal wounds for 160 gold pieces
 42274 | Snake:1  | Bought a potion of curing for 48 gold pieces
 42274 | Snake:1  | Bought a potion of curing for 48 gold pieces
 42274 | Snake:1  | Bought a potion of cancellation for 128 gold pieces
 44064 | Snake:2  | Reached skill level 10 in Conjurations
 44064 | Snake:2  | Reached skill level 10 in Hexes
 44064 | Snake:2  | Reached skill level 10 in Summonings
 44064 | Snake:2  | Reached skill level 10 in Necromancy
 44064 | Snake:2  | Reached skill level 10 in Translocations
 44064 | Snake:2  | Reached skill level 10 in Transmutations
 44064 | Snake:2  | Reached skill level 10 in Ice Magic
 44064 | Snake:2  | Reached skill level 10 in Air Magic
 44064 | Snake:2  | Reached skill level 10 in Earth Magic
 44064 | Snake:2  | Reached skill level 10 in Poison Magic
 45298 | Snake:2  | Found Juad's Book Emporium.
 45300 | Snake:2  | Found Laonis's Jewellery Boutique.
 45301 | Snake:2  | Found Zahydgh's Book Emporium.
 45308 | Snake:2  | Bought the ring of Yredelemnul's Respect {rF+ Will+ EV+4
                  | Str+4} for 832 gold pieces
 45603 | Snake:3  | Found Cawkaniob's Magic Scroll Emporium.
 45616 | Snake:3  | Bought a scroll of blinking for 127 gold pieces
 45616 | Snake:3  | Bought a scroll of blinking for 127 gold pieces
 45616 | Snake:3  | Bought a scroll of blinking for 127 gold pieces
 45616 | Snake:3  | Bought a scroll of enchant armour for 127 gold pieces
 46854 | Snake:3  | Acquired 769 gold pieces
 46875 | Snake:3  | Reached XP level 18. HP: 137/143 MP: 31/34
 47030 | Snake:3  | Found Voubeej's Jewellery Shop.
 47092 | Snake:3  | Found Ireuddea's Magic Scroll Boutique.
 47095 | Snake:3  | Found Asmopero's Assorted Antiques.
 47100 | Snake:3  | Bought a scroll of fear for 49 gold pieces
 47100 | Snake:3  | Bought a scroll of teleportation for 42 gold pieces
 47100 | Snake:3  | Bought a scroll of blinking for 105 gold pieces
 47100 | Snake:3  | Bought a scroll of teleportation for 42 gold pieces
 47102 | Snake:3  | Bought a scroll of enchant weapon for 232 gold pieces
 47105 | Snake:3  | Bought a scroll of magic mapping for 49 gold pieces
 48036 | Snake:4  | Entered Level 4 of the Snake Pit
 48071 | Snake:4  | Noticed Louise
 48079 | Snake:4  | Killed Louise
 48267 | Snake:4  | Reached skill level 12 in Dodging
 48689 | Snake:4  | Noticed Saint Roka
 48715 | Snake:4  | Killed Saint Roka
 50984 | Snake:4  | Got a serpentine rune of Zot
 51500 | Lair:6   | Killed Herakh's ghost
 51762 | Lair:4   | Killed CraigForest's ghost
 52031 | Elf:1    | Entered Level 1 of the Elven Halls
 52041 | Elf:1    | Reached XP level 19. HP: 141/151 MP: 33/35
 52428 | Elf:1    | Paralysed by an air elemental for 1 turns
 53127 | Elf:1    | Paralysed by an air elemental for 1 turns
 53612 | Elf:1    | Paralysed by an air elemental for 1 turns
 53615 | Elf:1    | Paralysed by an air elemental for 1 turns
 53620 | Elf:1    | Paralysed by an air elemental for 1 turns
 53628 | Elf:1    | Paralysed by an air elemental for 1 turns
 53818 | Elf:1    | Paralysed by an air elemental for 1 turns
 53926 | Elf:2    | Paralysed by an air elemental for 1 turns
 53931 | Elf:1    | Paralysed by an air elemental for 1 turns
 53969 | Elf:2    | Found a radiant altar of Vehumet.
 53973 | Elf:2    | Paralysed by an air elemental for 1 turns
 53979 | Elf:2    | Paralysed by an air elemental for 1 turns
 53986 | Elf:2    | Found a portal to a secret trove of treasure.
 54040 | Elf:2    | Found a frozen archway.
 54067 | Elf:2    | Found a runed translucent gate.
 54067 | Elf:2    | Found a runed translucent gate.
 54067 | Elf:2    | Found a runed translucent gate.
 54769 | Shoals:1 | Entered Level 1 of the Shoals
 54786 | Shoals:1 | Found Iblemn's Visitors' Centre.
 54915 | Shoals:1 | Found Cyuhoergh's Armour Boutique.
 54940 | Shoals:1 | Found Jimovuhi's Assorted Antiques.
 55005 | Shoals:1 | Found a flickering gateway to a bazaar.
 55013 | Bazaar   | Entered a bazaar
 55043 | Bazaar   | Found Kohotyss's Jewellery Emporium.
 55044 | Bazaar   | Found Deogros's General Store.
 55087 | Bazaar   | Found Mept's General Store.
 55087 | Bazaar   | Found Kayttapte's Weapon Shoppe.
 55121 | Bazaar   | Bought 2 potions of invisibility for 192 gold pieces
 55121 | Bazaar   | Bought a scroll of teleportation for 36 gold pieces
 55152 | Bazaar   | Bought a potion of heal wounds for 40 gold pieces
 55375 | Shoals:1 | Bought a scroll of fog for 62 gold pieces
 55375 | Shoals:1 | Bought a scroll of blinking for 232 gold pieces
 55759 | Shoals:1 | Found Iblemn's Merfolk Magic.
 55759 | Shoals:1 | Found Iblemn's Merfolk Armours.
 55762 | Shoals:1 | Bought a scroll of teleportation for 300 gold pieces
 56012 | Shoals:1 | Bought a +2 pair of gloves for 264 gold pieces
 56234 | Shoals:2 | Identified the +7 rapier of Sulphur {pain, Fly Dex+4}
 57061 | Shoals:2 | Reached skill level 13 in Dodging
 59189 | Shoals:3 | HP: 4/153 [water nymph/the raging water (22)]
 59768 | Shoals:4 | Entered Level 4 of the Shoals
 59785 | Shoals:4 | Reached XP level 20. HP: 85/160 MP: 19/37
 60832 | Shoals:4 | Identified the ring of Sloth {Will+ MP+9}
 62217 | Shoals:4 | Found Dicrass's Gadget Gallery.
 62271 | Shoals:4 | Bought a wand of acid (7) for 220 gold pieces
 62271 | Shoals:4 | Bought a wand of digging (3) for 140 gold pieces
 63140 | Shoals:4 | Got a barnacled rune of Zot
 63510 | Vaults:1 | Entered Level 1 of the Vaults
 64553 | Vaults:1 | You fall into a shaft and drop 1 floor!
 65701 | Vaults:1 | Reached XP level 21. HP: 122/167 MP: 29/38
 66245 | Vaults:2 | Reached skill level 15 in Fighting
 66245 | Vaults:2 | Reached skill level 15 in Long Blades
 66501 | Vaults:2 | Found a staircase to the Crypt.
 66513 | Vaults:2 | Found a runed translucent gate.
 66514 | Vaults:2 | Found a runed translucent gate.
 66515 | Vaults:2 | Found a runed translucent gate.
 66780 | Vaults:1 | Reached skill level 15 in Invocations
 67116 | Vaults:2 | Paralysed by a great orb of eyes for 5 turns
 67541 | Vaults:2 | Reached skill level 14 in Dodging
 67790 | Vaults:2 | Noticed Quudwopt's ghost (adept MfGl)
 67790 | Vaults:2 | Noticed Kekyt Syjic's ghost (adept SpVM)
 67790 | Vaults:2 | Noticed Galytir's ghost (adept HOFi)
 68068 | Vaults:3 | Noticed Jory
 68078 | Vaults:3 | Killed Jory
 69251 | Vaults:3 | Reached XP level 22. HP: 118/176 MP: 27/40
 70324 | Vaults:2 | Killed Galytir's ghost
 70350 | Vaults:2 | Killed Kekyt Syjic's ghost
 70793 | Vaults:2 | Killed Quudwopt's ghost
 71192 | Vaults:4 | Found a flickering gateway to a bazaar.
 71217 | Bazaar   | Entered a bazaar
 71217 | Bazaar   | Found Juamaesi's Assorted Antiques.
 71217 | Bazaar   | Found Muqauts's Distillery.
 71217 | Bazaar   | Found Bejaora's Antique Weapon Shop.
 71217 | Bazaar   | Found Plog's Jewellery Boutique.
 71217 | Bazaar   | Found Joupibbu's Antique Weapon Boutique.
 71230 | Bazaar   | Bought a potion of curing for 45 gold pieces
 71230 | Bazaar   | Bought a potion of haste for 150 gold pieces
 71230 | Bazaar   | Bought a potion of haste for 150 gold pieces
 71230 | Bazaar   | Bought a potion of curing for 45 gold pieces
 71230 | Bazaar   | Bought 2 potions of heal wounds for 150 gold pieces
 71230 | Bazaar   | Bought a potion of heal wounds for 75 gold pieces
 71234 | Bazaar   | Bought a scroll of enchant armour for 202 gold pieces
 71298 | Vaults:4 | Found a magical portal.
 71310 | WizLab   | Entered Cigotuvi's Fleshworks
 71636 | WizLab   | Got the Tome of Moulding
 71638 | WizLab   | Got Cigotuvi's Compendium of Unholy Transformation
 71640 | WizLab   | Got the Handbook of Moulding
 72400 | WizLab   | Paralysed by a floating eye for 4 turns
 72442 | WizLab   | Identified the amulet "Utaxux" {RegenMP Contam +Inv rPois}
 72446 | WizLab   | Paralysed by a floating eye for 4 turns
 72473 | WizLab   | Paralysed by a floating eye for 3 turns
 73066 | Vaults:4 | Got An Early Guide to Witchcraft
 73555 | Vaults:4 | Reached skill level 15 in Dodging
 73679 | Vaults:4 | Reached skill level 15 in Spellcasting
 74088 | Vaults:4 | Noticed a dread lich
 74348 | Vaults:4 | Killed a dread lich
 74823 | Vaults:4 | Reached XP level 23. HP: 102/164 MP: 35/42
 75306 | Vaults:4 | Noticed a golden dragon
 75449 | Vaults:4 | Killed a golden dragon
 75645 | Vaults:4 | Reached skill level 15 in Short Blades
 75645 | Vaults:4 | Reached skill level 15 in Axes
 75645 | Vaults:4 | Reached skill level 15 in Maces & Flails
 75645 | Vaults:4 | Reached skill level 15 in Polearms
 75645 | Vaults:4 | Reached skill level 15 in Staves
 75645 | Vaults:4 | Reached skill level 15 in Slings
 75645 | Vaults:4 | Reached skill level 15 in Bows
 75645 | Vaults:4 | Reached skill level 15 in Crossbows
 75645 | Vaults:4 | Reached skill level 15 in Throwing
 75645 | Vaults:4 | Reached skill level 15 in Armour
 75645 | Vaults:4 | Reached skill level 15 in Stealth
 75645 | Vaults:4 | Reached skill level 15 in Shields
 75645 | Vaults:4 | Reached skill level 15 in Unarmed Combat
 75645 | Vaults:4 | Reached skill level 15 in Evocations
 75709 | Vaults:4 | Got the Incunabulum of Flamy Hexes
 76519 | Elf:2    | Found Yharug's Assorted Antiques.
 76667 | Elf:2    | Bought 3 scrolls of teleportation for 297 gold pieces
 76667 | Elf:2    | Bought a scroll of fog for 66 gold pieces
 76667 | Elf:2    | Bought a scroll of teleportation for 99 gold pieces
 76723 | Elf:2    | Found a glowing golden altar of the Shining One.
 76723 | Elf:2    | Found a glowing silver altar of Zin.
 77678 | Elf:2    | Found a white marble altar of Elyvilon.
 78722 | Elf:3    | Entered Level 3 of the Elven Halls
 79055 | Elf:3    | Paralysed by an air elemental for 1 turns
 79059 | Elf:3    | Paralysed by an air elemental for 1 turns
 79728 | Elf:3    | Reached skill level 16 in Dodging
 79872 | Elf:3    | Identified the ring "Niob" {rC+ Str+6 Int-2 Stlth+}
 80060 | Elf:3    | Identified the ring of Vufamoup {Fly EV+4}
 80208 | Elf:3    | Got the Papyrus of Damaging Air
 80619 | Elf:3    | Identified the amulet of Qogooshri {Acrobat rPois rCorr
                  | Dex-4}
 80779 | Elf:3    | Identified the +8 fustibalus of Impermanence {vorpal,
                  | *Corrode rElec rF+ Str+3}
 80786 | Elf:3    | Identified the +6 hand crossbow of Jicwof {speed, rPois
                  | rF+}
 80797 | Elf:3    | Got the Incunabulum of the Glacier and the Entourage
 80804 | Elf:3    | Identified the +3 mace of the Endless Expanse {vorpal,
                  | Int+4}
 81074 | Elf:3    | Reached XP level 24. HP: 184/193 MP: 40/42
 81122 | Elf:3    | Found the +7 mace of Variability {chain chaos}
 81395 | Depths:1 | Entered Level 1 of the Depths
 82049 | Depths:1 | Found a gateway to Hell.
 84124 | Depths:2 | Reached skill level 17 in Dodging
 84563 | Depths:2 | Found a sacrificial altar of Ru.
 85557 | Depths:3 | Noticed a caustic shrike
 85588 | Depths:2 | Killed a caustic shrike
 86613 | Depths:3 | Reached XP level 25. HP: 201/201 MP: 43/43
 86685 | Depths:3 | Found a one-way gate leading to the halls of Pandemonium.
 88048 | Depths:4 | Found a corrupted altar of Lugonu.
 88048 | Depths:4 | Found a one-way gate to the infinite horrors of the Abyss.
 88368 | Depths:4 | Found Feoc's Antique Armour Shoppe.
 88390 | Depths:4 | Bought a pair of embroidered boots for 337 gold pieces
 89315 | Depths:5 | Entered Level 5 of the Depths
 89624 | Depths:5 | Found a sacrificial altar of Ru.
 89668 | Depths:5 | Acquired a +1 pair of gloves of archery
 89797 | Depths:5 | Reached skill level 18 in Dodging
 90669 | Depths:5 | Reached skill level 15 in Fire Magic
 90798 | Depths:5 | Found a gate to the Realm of Zot.
 90877 | Depths:5 | Found a gateway to a ziggurat.
 91204 | Crypt:1  | Entered Level 1 of the Crypt
 92677 | Crypt:2  | Found the +8 orange crystal plate armour {Archmagi, Int+3
                  | Clar}
 92783 | Crypt:2  | Reached XP level 26. HP: 169/209 MP: 37/43
 93413 | Crypt:3  | Entered Level 3 of the Crypt
 93704 | Crypt:3  | Noticed Margery
 93713 | Crypt:3  | Noticed Bai Suzhen
 93720 | Crypt:3  | Killed Margery
 94130 | Crypt:2  | Killed Bai Suzhen
 94892 | Crypt:3  | Found a staircase to the Tomb.
 95505 | Crypt:3  | Got Advanced Secret Knowledge
 95632 | Crypt:3  | Found a basalt altar of Yredelemnul.
 95632 | Crypt:3  | Noticed a dread lich
 95656 | Crypt:3  | Killed a dread lich
 95762 | Crypt:3  | Reached skill level 19 in Dodging
 96699 | Depths:4 | Voluntarily entered the Abyss.
 96810 | Abyss:1  | Gained mutation: Your magical capacity is low. (-10% MP) [a
                  | neqoxec]
 96906 | Abyss:2  | Found a corrupted altar of Lugonu.
 96956 | Abyss:3  | Noticed an ancient lich
 96972 | Abyss:3  | Got an abyssal rune of Zot
 97114 | Abyss:3  | Noticed an ancient lich
 97339 | Abyss:3  | Found a corrupted altar of Lugonu.
 97994 | Abyss:3  | Found a corrupted altar of Lugonu.
 98235 | Abyss:4  | Found a corrupted altar of Lugonu.
 98272 | Abyss:4  | Found a corrupted altar of Lugonu.
 98772 | Abyss:4  | Noticed an ancient lich
 98916 | Abyss:4  | Found a corrupted altar of Lugonu.
 98949 | Depths:4 | Escaped the Abyss
 99700 | Elf:2    | You showed the abyssal rune of Zot to enter a treasure
                  | trove
 99701 | Trove    | Entered a treasure trove
 99706 | Trove    | Found the +4 moon troll leather armour {Spirit, Regen++
                  | MP+5}
 99710 | Trove    | Identified the +8 hand crossbow of Pride {freeze, Str+5
                  | Dex+5 Stlth+}
 99723 | Trove    | Identified the amulet "Dusegh" {Acrobat Dex+2}
 99730 | Trove    | Identified the amulet "Cesab" {Reflect SH+5 SInv}
100529 | Zot:1    | Entered Level 1 of the Realm of Zot
100695 | Zot:1    | Reached XP level 27. HP: 128/217 MP: 25/39
101390 | Zot:1    | Reached skill level 15 in Conjurations
101390 | Zot:1    | Reached skill level 15 in Hexes
101390 | Zot:1    | Reached skill level 15 in Summonings
101390 | Zot:1    | Reached skill level 15 in Necromancy
101390 | Zot:1    | Reached skill level 15 in Translocations
101390 | Zot:1    | Reached skill level 15 in Transmutations
101390 | Zot:1    | Reached skill level 15 in Ice Magic
101390 | Zot:1    | Reached skill level 15 in Air Magic
101390 | Zot:1    | Reached skill level 15 in Earth Magic
101390 | Zot:1    | Reached skill level 15 in Poison Magic
101707 | Zot:1    | HP: 3/218 [black draconian scorcher/bolt of lightning (11)]
102780 | Zot:1    | Noticed an orb of fire
102784 | Zot:1    | Gained mutation: Potions are less effective at restoring
                  | your health. [an orb of fire]
102793 | Zot:1    | Killed an orb of fire
102891 | Zot:1    | You fall into a shaft and drop 1 floor!
102951 | Zot:2    | Reached skill level 20 in Dodging
103087 | Zot:1    | Got the Tome of Glacial Air
105451 | Slime:1  | Entered Level 1 of the Pits of Slime
106822 | Slime:5  | Entered Level 5 of the Pits of Slime
107360 | Slime:4  | Noticed Dissolution
107564 | Slime:5  | Noticed the Royal Jelly
108071 | Slime:5  | Found a viscous altar of Jiyva.
108072 | Slime:5  | Found the +10 dark maul {vorpal}
108117 | Slime:5  | Killed the Royal Jelly
108523 | Slime:5  | Identified the ring of Ejepodiq {rPois rF+ AC+4}
108525 | Slime:5  | Got a slimy rune of Zot
108614 | Slime:5  | Identified the +5 scimitar of Joachu Bixa {venom, rF+
                  | Str+2}
109206 | Vaults:5 | Entered Level 5 of the Vaults
109929 | Vaults:5 | Lost mutation: Your magical capacity is low. (-10% MP)
                  | [potion of mutation]
109929 | Vaults:5 | Lost mutation: Potions are less effective at restoring your
                  | health. [potion of mutation]
109929 | Vaults:5 | Gained mutation: Armour fits poorly on your strangely
                  | shaped body. [potion of mutation]
109929 | Vaults:5 | Gained mutation: You have a somewhat thin skeletal
                  | structure. (Dex +2, Stealth+) [potion of mutation]
109929 | Vaults:5 | Gained mutation: Your mind is acute. (Int +2) [potion of
                  | mutation]
109932 | Vaults:5 | Noticed an ancient lich
110228 | Vaults:5 | Killed an ancient lich
110229 | Vaults:5 | Reached skill level 21 in Dodging
110241 | Vaults:5 | Identified the +1 robe of the Robin {rPois rC+ rCorr Dex-3}
110362 | Vaults:5 | Identified the ring "Oqerghulu" {Wiz rN++ rCorr}
110756 | Vaults:5 | Identified the +2 ring mail "Hobbaf" {rPois rN+ Regen+
                  | rCorr}
111466 | Vaults:5 | Identified the +1 crystal plate armour "Mokhoj" {rCorr
                  | SInv}
111822 | Vaults:5 | Got a silver rune of Zot
111826 | Vaults:5 | Lost mutation: You have a somewhat thin skeletal structure.
                  | (Dex +2, Stealth+) [potion of mutation]
111826 | Vaults:5 | Lost mutation: Armour fits poorly on your strangely shaped
                  | body. [potion of mutation]
111826 | Vaults:5 | Lost mutation: Your mind is acute. (Int +2) [potion of
                  | mutation]
111826 | Vaults:5 | Gained mutation: You have an increased reservoir of magic.
                  | (+10% MP) [potion of mutation]
111826 | Vaults:5 | Gained mutation: You have a considerably increased
                  | reservoir of magic. (+20% MP) [potion of mutation]
112487 | Snake:3  | Bought a scroll of brand weapon for 340 gold pieces
112487 | Snake:3  | Bought a scroll of brand weapon for 340 gold pieces
113504 | Zot:5    | Entered Level 5 of the Realm of Zot
113694 | Zot:4    | HP: 10/222 [??? (5)]
113696 | Zot:4    | Slain by a death cob

Illustrated notes

Levels and vault maps discovered:
D:1:      dpeg_arrival_yet_another_circle, layout_basic, serial_shops,
          nicolae_diamond_shop, ebering_ecumenical_altar_box,
          lemuel_flame_loot_1
D:2:      layout_basic, basic_altar, minmay_misc_feat_more_columns,
          minmay_goblin_outpost
D:3:      layout_loops_ring, fedhas_altar_2
D:4:      layout_basic, grunt_gozag_statues, tso_oasis_becter,
          grunt_dithmenos_smoke_and_mirrors, serial_undead, serial_undead_c,
          serial_undead_c, serial_undead_c, serial_undead_e, minmay_crossroads,
          uniq_natasha
D:5:      layout_loops_ring, nzn_wu_jian_council_hall, uniq_menkaure
D:6:      layout_rooms, kennysheep_okawaru_gauntlet,
          nicolae_qazlal_style_of_elements, makhleb_altar_promises_db,
          brannock_xom_greatest_gift, st_stairs_8
D:7:      layout_loops_ring, minmay_temple_entry_statues_fountains,
          guppyfry_shop_venom
D:8:      minmay_the_grid_octo_2x2 [minmay_the_grid_octo_concentric,
          minmay_the_grid_octo_chip, minmay_the_grid_octo_clover_2,
          minmay_the_grid_octo_prize_single_spiral], layout_basic,
          lemuel_crystal_altar, uniq_harold
D:9:      layout_loops_ring, mainiacjoe_overflow_small_starburst,
          minmay_lair_entry_grove
D:10:     layout_basic, serial_shops, shop, shop, nicolae_shop_waterfront,
          nicolae_shop_trees, uniq_fannar
D:11:     cheibrodos_grave_circle, layout_loops_ring, david_orc_5
D:12:     kennysheep_six_static_rooms, layout_basic, small_chamber_with_monster,
          minmay_hollow_rounded_squares, uniq_nergalle
D:13:     layout_irregular_city, erik_vaults_1, uniq_sonja
D:14:     minmay_expanding_squares, layout_layer_cave, minmay_misc_feat_cross
D:15:     hangedman_depths_entry_try_elsewhere_first, layout_long_grid,
          elyvilon_altar_5, gauntlet_entry_generic, uniq_azrael
Temple:   minmay_temple_curvy_loop
Lair:1:   layout_loops_ring
Lair:2:   layout_gridlike, elwin_shoals_entry_rocks, st_stairs_9, minmay_holes,
          beast_lair_carwin_5, serial_bayou_shore_b
Lair:3:   layout_loops_ring, cheibrodos_lair_caveside_slide
Lair:4:   minmay_guarded_unrand_snakebite, layout_layer_cave,
          minmay_snake_entry_guardpost_medium, gammafunk_ghost_arena, uniq_urug
Lair:5:   layout_layer_cave, slime_dummy, ebering_ghost_funeral_grove,
          infiniplex_staircase_pool_2
Lair:6:   minmay_lair_end_frog_pond, layout_gridlike, lemuel_oklob_altar
Shoals:1: nicolae_shoals_mermall, layout_shoals, serial_shops, bzr_entry_islet,
          nicolae_shop_behind_doors, shop_statue
Shoals:2: cheibrodos_shoals_roost, layout_shoals
Shoals:3: nzn_motion_control, layout_shoals, nicolae_shoals_spring_well_temple
Shoals:4: shoals_end_grunt_ice, layout_shoals, nicolae_shop_gadgets
Snake:1:  layout_layer_cave, grunt_megastairs_5, minmay_shoptagon, uniq_aizul
Snake:2:  layout_onion_interference, lemuel_fruit_tree, grunt_megastairs_1,
          minmay_shop_grove, serial_bayou_shore_b
Snake:3:  layout_layer_cave, serial_shops,
          nicolae_shop_temple_entry_statues_fountains, st_stairs_5,
          chequers_hall_statues_corner_a, nicolae_snake_guarding_the_ruins,
          grunt_megastairs_4, minmay_shop_star
Snake:4:  grunt_snake_rune_pools, layout_rooms, nicolae_snake_gridmaze_squiggle,
          uniq_saint_roka, uniq_louise
Slime:1:  layout_caves
Slime:2:  layout_caves, basic_altar
Slime:3:  layout_caves
Slime:4:  layout_caves, uniq_dissolution
Slime:5
Orc:1:    orc_temple, layout_caves, serial_shops, shop, mines2_david,
          uniq_maurice
Orc:2:    grunt_orc_community_town_hall, layout_diamond_mine,
          grunt_orc_community_big_house_1, grunt_orc_community_big_house_1,
          grunt_orc_community_house_1, grunt_orc_community_house_2,
          grunt_orc_community_house_3, grunt_orc_community_house_1,
          grunt_orc_community_house_3, grunt_orc_community_house_3,
          serial_shops, shop, bh_open_orc_temple
Elf:1:    minmay_elf_arrival_plus, layout_geoelf_grid, evilmike_minifort,
          minmay_elf_annihilation
Elf:2:    nicolae_elf_blades_crystal_corner, layout_gridlike, serial_shops,
          nicolae_shop_statue_plus, portal_ice_cave_entry_ice_statue_one,
          portal_desolation_entry_holy_temple, enter_trove_2, basic_altar
Elf:3:    elf_hall_gauntlet_narrow, layout_gridlike, laboratory
Vaults:1: v_misc_30, nicolae_vaults_angled_halls,
          nicolae_vaults_little_squares_3, ontoclasm_vaults_misaligned,
          ontoclasm_vaults_tryst, vaults_room_fours, vaults_room_pool,
          v_misc_27, nicolae_vaults_ring_of_whatevers,
          ontoclasm_vaults_ligature, vaults_dpeg_ring, dpeg_vaults_monster_box,
          layout_vaults_big_room
Vaults:2: gammafunk_vaults_ghost_cemetery, minmay_crypt_entry_simple_box,
          v_misc_12, v_pattern_2, vaults_room_corners,
          grunt_vaults_hallway_short, vaults_mumra_hex, v_alt_pattern_5,
          v_misc_22, grunt_vaults_funnel, layout_vaults_maze
Vaults:3: nicolae_vaults_meeting, hangedman_vaults_variations,
          ontoclasm_vaults_eye, nicolae_vaults_network_s, v_rooms_4,
          nicolae_vaults_windows_and_doors_thing, v_misc_8, v_misc_24,
          grunt_vaults_swirl, nicolae_vaults_gold_heap, layout_vaults_ring,
          uniq_jory
Vaults:4: st_greater_box_3, nicolae_vaults_shelves_hall, vaults_dpeg_hooks,
          vaults_room_hallway, nicolae_vaults_twisting_passages,
          ontoclasm_vaults_bender, v_misc_19, nicolae_vaults_theta, v_misc_13,
          hangedman_vaults_capsules, layout_vaults_omnibox, serial_shops,
          bzr_entry_gold, mu_enter_wizlab_4
Vaults:5
Crypt:1:  layout_rooms, nrook_guardian_serpent_ordinary
Crypt:2:  layout_chaotic_city
Crypt:3:  cryptofortress_bobbens, uniq_margery, uniq_bai_suzhen
Depths:1: layout_gridlike, grunt_metal_band, serial_bayou_lake_a, firewood_loft,
          kennysheep_random_hallway
Depths:2: minmay_haunted_quarter, layout_gridlike, hell_entry,
          amcnicky_mini_pool_small, nicolae_ru_awakened_eye,
          infiniplex_staircase_zigzag_5
Depths:3: minmay_diamond_stairs, layout_gridville, pf_hell_entry_great_geh,
          grunt_pan_entry_in_and_out, hangedman_decor_growths,
          infiniplex_staircase_split_hallway
Depths:4: minmay_blocking_statues, layout_honeycomb, abyss_entry_flame_altar,
          hell_entry, serial_shops, nicolae_shop_stone, minmay_staircase_statues
Depths:5: grunt_twist_and_shout, layout_basic, enter_ziggurat_c, serial_curves,
          eino_curves_01, eino_curves_01, eino_curves_04, pf_coc_iceberg,
          lemuel_crystal_altar, serial_bayou_lagoon_a, drop_trap
Zot:1:    layout_basic
Zot:2:    circus_mu, layout_cellular_growth
Zot:3:    nicolae_zot_stationary_front, layout_gridlike, skrybe_zot_glass_1
Zot:4:    layout_cathedral_of_symmetry
Zot:5:    layout_misc_corridors, gammafunk_ghost_crypt

Skill      XL: |  1  2  3  4  5  6  7  8  9 10 11 12 13 14 15 16 17 18 19 20 21 22 23 24 25 26 27 |
---------------+----------------------------------------------------------------------------------+-----
Invocations    | 1 2 3 4 5 6 7 8 9 10 11 12 13 14 15 16 17 18 19 | 19.9
Short Blades   | 1 2 3 4 5 6 7 8 9 10 11 12 13 14 15 16 17 18 | 18.6
Axes           | 1 2 3 4 5 6 7 8 9 10 11 12 13 14 15 16 17 18 | 18.6
Maces & Flails | 1 2 3 4 5 6 7 8 9 10 11 12 13 14 15 16 17 18 | 18.6
Polearms       | 1 2 3 4 5 6 7 8 9 10 11 12 13 14 15 16 17 18 | 18.6
Staves         | 1 2 3 4 5 6 7 8 9 10 11 12 13 14 15 16 17 18 | 18.6
Slings         | 1 2 3 4 5 6 7 8 9 10 11 12 13 14 15 16 17 18 | 18.6
Bows           | 1 2 3 4 5 6 7 8 9 10 11 12 13 14 15 16 17 18 | 18.6
Crossbows      | 1 2 3 4 5 6 7 8 9 10 11 12 13 14 15 16 17 18 | 18.6
Throwing       | 1 2 3 4 5 6 7 8 9 10 11 12 13 14 15 16 17 18 | 18.6
Armour         | 1 2 3 4 5 6 7 8 9 10 11 12 13 14 15 16 17 18 | 18.6
Dodging        | 1 2 3 4 5 6 7 8 9 10 11 12 13 14 15 16 17 18 19 21 | 21.6
Stealth        | 1 2 3 4 5 6 7 8 9 10 11 12 13 14 15 16 17 18 | 18.6
Shields        | 1 2 3 4 5 6 7 8 9 10 11 12 13 14 15 16 17 18 | 18.6
Unarmed Combat | 1 2 3 4 5 6 7 8 9 10 11 12 13 14 15 16 17 18 | 18.6
Evocations     | 1 2 3 4 5 6 7 8 9 10 11 12 13 14 15 16 17 18 | 18.6
Spellcasting   | 3 4 5 6 7 8 9 10 11 12 13 14 15 16 17 18 | 18.7
Conjurations   | 1 2 3 4 5 6 7 8 9 10 11 12 13 14 16 | 16.0
Hexes          | 1 2 3 4 5 6 7 8 9 10 11 12 13 14 16 | 16.0
Summonings     | 1 2 3 4 5 6 7 8 9 10 11 12 13 14 16 | 16.0
Necromancy     | 1 2 3 4 5 6 7 8 9 10 11 12 13 14 16 | 16.0
Translocations | 1 2 3 4 5 6 7 8 9 10 11 12 13 14 16 | 16.0
Transmutations | 1 2 3 4 5 6 7 8 9 10 11 12 13 14 16 | 16.0
Ice Magic      | 1 2 3 4 5 6 7 8 9 10 11 12 13 14 16 | 16.0
Air Magic      | 1 2 3 4 5 6 7 8 9 10 11 12 13 14 16 | 16.0
Earth Magic    | 1 2 3 4 5 6 7 8 9 10 11 12 13 14 16 | 16.0
Poison Magic   | 1 2 3 4 5 6 7 8 9 10 11 12 13 14 16 | 16.0
Fighting       | 7 8 9 10 11 12 13 14 15 16 17 18 19 | 19.3
Long Blades    | 7 8 9 10 11 12 13 14 15 16 17 18 19 | 19.3
Fire Magic     | 6 7 8 9 10 11 12 13 14 15 16 | 16.7

Action                   |  1- 3 |  4- 6 |  7- 9 | 10-12 | 13-15 | 16-18 | 19-21 | 22-24 | 25-27 || total
-------------------------+-------+-------+-------+-------+-------+-------+-------+-------+-------++-------
Melee: Falchion          |   151 |    30 |    11 |       |       |       |       |       |       ||   192
       Bite              |     5 |    15 |    30 |    64 |   166 |   140 |   167 |   218 |   444 ||  1249
       Short sword       |       |   154 |   169 |     6 |       |       |       |       |       ||   329
       Punch             |       |       |     2 |       |       |       |       |       |       ||     2
       Whip              |       |       |    96 |   104 |   320 |       |       |       |       ||   520
       Trident           |       |       |       |   642 |    97 |       |       |       |       ||   739
       Long sword        |       |       |       |       |   886 |       |       |       |       ||   886
       Morningstar       |       |       |       |       |     5 |       |       |       |       ||     5
       Scimitar          |       |       |       |       |    97 |   197 |       |       |       ||   294
       Demon blade       |       |       |       |       |       |  1108 |  1452 |  1701 |  2716 ||  6977
Throw: Dart              |       |     5 |    47 |    38 |    20 |    16 |       |       |       ||   126
       Stone             |       |       |       |     2 |       |       |       |       |       ||     2
       Throwing net      |       |       |       |     1 |     6 |       |       |     6 |     5 ||    18
       Boomerang         |       |       |       |       |    68 |   326 |   271 |    55 |    54 ||   774
       Javelin           |       |       |       |       |     5 |    83 |    59 |   269 |   374 ||   790
 Cast: Scorch            |       |     3 |    30 |     8 |       |       |       |       |       ||    41
Invok: Foxfire Swarm     |       |       |       |       |       |       |     3 |       |       ||     3
Evoke: Wand              |       |       |       |     5 |    37 |    40 |    65 |    10 |    21 ||   178
       Phantom mirror    |       |       |       |     1 |     3 |     4 |     2 |     2 |     6 ||    18
       Condenser vane    |       |       |       |       |     4 |     6 |     7 |     5 |     9 ||    31
       Phial of floods   |       |       |       |       |       |     1 |     1 |     1 |     2 ||     5
       Tin of tremorston |       |       |       |       |       |       |     9 |    10 |    24 ||    43
       Lightning rod     |       |       |       |       |       |       |       |     3 |       ||     3
       Box of beasts     |       |       |       |       |       |       |       |       |     1 ||     1
  Use: Potion            |       |       |     2 |     5 |     4 |     1 |     4 |     8 |    15 ||    39
       Scroll            |       |       |       |    14 |    12 |    15 |    10 |     6 |    46 ||   103
 Stab: Sleeping          |       |     2 |     4 |    12 |    35 |     6 |     9 |     5 |     6 ||    79
       Distracted        |       |     1 |       |     3 |     3 |     2 |     2 |     1 |     2 ||    14
       Held in net/web   |       |       |       |       |     2 |       |       |     2 |     1 ||     5
       Paralysed         |       |       |       |       |       |     2 |       |       |     8 ||    10
Armor: Robe              |    37 |    93 |    42 |       |       |       |       |       |       ||   172
       Ring mail         |       |       |    79 |   412 |   549 |       |       |       |       ||  1040
       Skin              |       |       |       |     3 |       |       |       |       |       ||     3
       Fire dragon scale |       |       |       |       |    63 |   535 |   513 |       |       ||  1111
       Storm dragon scal |       |       |       |       |       |       |    88 |   575 |   235 ||   898
       Crystal plate arm |       |       |       |       |       |       |       |       |  1190 ||  1190
       Gold dragon scale |       |       |       |       |       |       |       |       |   112 ||   112
Dodge: Dodged            |    94 |   119 |   179 |   259 |   514 |   393 |   693 |   456 |   928 ||  3635
Block: Kite shield       |       |       |    62 |    99 |       |       |       |       |       ||   161
       Tower shield      |       |       |       |   467 |  1358 |  1240 |  1390 |  1150 |  2547 ||  8152

Table legend: (Time is in decaauts)
 A = Elapsed time spent in this place.
 B = Non-inter-level travel time spent in this place.
 C = Inter-level travel time spent in this place.
 D = Time resting spent in this place.
 E = Time spent auto-exploring this place.
 F = Levels seen in this place.
 G = Mean time per level.
                   A        B        C        D        E       F      G
               +--------+--------+--------+--------+--------+-----+--------+
         Total | 113396 | 104001 |   9395 |  18973 |  61838 |  68 | 1667.6 |
       Dungeon |  29685 |  25791 |   3894 |   2490 |  17963 |  15 | 1979.0 |
        Temple |    191 |    191 |      0 |    162 |      0 |   1 |  191.0 |
          Lair |  11699 |   9911 |   1788 |    664 |   7129 |   6 | 1949.8 |
        Shoals |   8581 |   8285 |    296 |   2150 |   4243 |   4 | 2145.2 |
     Snake Pit |  10255 |   9763 |    492 |   3063 |   5128 |   4 | 2563.8 |
    Slime Pits |   2087 |   2033 |     54 |    751 |    597 |   5 |  417.4 |
  Orcish Mines |   3758 |   3440 |    318 |    113 |   2309 |   2 | 1879.0 |
   Elven Halls |   7864 |   7309 |    555 |   1891 |   3908 |   3 | 2621.3 |
        Vaults |  13855 |  13077 |    778 |   3167 |   6909 |   5 | 2771.0 |
         Crypt |   5009 |   4806 |    203 |    479 |   3054 |   3 | 1669.7 |
        Depths |  11410 |  10529 |    881 |   2063 |   6716 |   5 | 2282.0 |
           Zot |   4212 |   4080 |    132 |   1264 |   1675 |   5 |  842.4 |
         Abyss |   3253 |   3253 |      0 |    572 |   1353 |   6 |  542.2 |
        Bazaar |    172 |    172 |      0 |      0 |    104 |   2 |   86.0 |
         Trove |     40 |     40 |      0 |      0 |      5 |   1 |   40.0 |
        Wizlab |   1318 |   1318 |      0 |    140 |    743 |   1 | 1318.0 |
               +--------+--------+--------+--------+--------+-----+--------+

Top non-repeatable levels by time:
Vaults:4: 3994 daAuts
    D:13: 3418 daAuts
   Zot:1: 3253 daAuts
Depths:4: 3066 daAuts
    D:12: 3058 daAuts
 Snake:4: 3048 daAuts
    D:14: 2939 daAuts
     D:8: 2905 daAuts
Vaults:2: 2879 daAuts
   Elf:1: 2865 daAuts
 Snake:3: 2804 daAuts
    D:11: 2730 daAuts
Shoals:3: 2683 daAuts
   Elf:3: 2609 daAuts
  Lair:5: 2594 daAuts
